 Dungeon Crawl Stone Soup version 0.25-a0-346-g140ab784a8 (webtiles) character file.

3565 Lavandula the Cutter (level 9, 79/84 (85) HPs)
             Began as a Troll Wizard on Oct 26, 2017.
             Was a Follower of Ashenzari.
             Quit the game on level 10 of the Dungeon on Dec 31, 2019.
             The game lasted 00:39:33 (9825 turns).

Lavandula the Cutter (Troll Wizard)                 Turns: 9825, Time: 00:39:34

HP:   79/84 (85)    AC: 11    Str: 17    XL:     9   Next: 84%
MP:   10/14         EV: 10    Int: 23    God:    Ashenzari [*.....]
Gold: 67            SH:  0    Dex: 13    Spells: 5/16 levels left

rFire    . . .     SeeInvis +   I - +7 dagger "Usacs" {drain, Int+4 Dex+5} (curse)
rCold    . . .     Gourm    +   (no shield)
rNeg     . . .     Faith    .   x - +2 robe "Haidwur" {+Fly Regen+ Int-2 SInv} (curse)
rPois    +         Spirit   .   b - +2 hat (curse)
rElec    +         Reflect  .   E - +1 cloak {MR+} (curse)
rCorr    .         Harm     .   (gloves unavailable)
MR       +....                  (boots unavailable)
Stlth    ++........             (no amulet)
HPRegen  1.04/turn              s - +4 ring of intelligence (curse)
MPRegen  0.14/turn              u - ring of poison resistance

@: lightly drained
A: large, unfitting armour, claws 3, blurry vision 1, fast metabolism 3,
gourmand, mutation resistance 1, poison resistance, regeneration 1, shaggy fur
1, electricity resistance, tough skin 2
a: Curse Item, Scrying, Renounce Religion, Evoke Flight


You were on level 10 of the Dungeon.
You worshipped Ashenzari.
Ashenzari was aware of your devotion.
You were not hungry.

You visited 2 branches of the dungeon, and saw 11 of its levels.

You collected 696 gold pieces.
You spent 629 gold pieces at shops.

Inventory:

Hand Weapons
 D - a +4 quarterstaff of chaos
 I - the cursed +7 dagger "Usacs" (weapon) {drain, Int+4 Dex+5}
   (You found it on level 6 of the Dungeon)

   A truly terrible weapon, it drains the life of those it strikes.
   It affects your intelligence (+4).
   It affects your dexterity (+5).
   It has a curse placed upon it.
Missiles
 y - 7 boomerangs (quivered)
Armour
 b - a cursed +2 hat (worn)
 x - the cursed +2 robe "Haidwur" (worn) {+Fly Regen+ Int-2 SInv}
   (You bought it in a shop on level 4 of the Dungeon)

   It affects your intelligence (-2).
   It lets you see invisible.
   It lets you fly.
   It increases your rate of regeneration.
   It has a curse placed upon it.
 E - a cursed +1 cloak of magic resistance (worn)
Magical Staves
 N - an uncursed staff of wizardry
Jewellery
 s - a cursed +4 ring of intelligence (left claw)
 u - a ring of poison resistance (right claw)
Wands
 p - a wand of random effects (20)
 F - a wand of disintegration (14)
 G - a wand of removedness (28)
 J - a wand of acid (10)
 L - a wand of random effects (22)
 O - a wand of acid (7)
 Q - a wand of disintegration (10)
Scrolls
 e - a scroll of amnesia
 h - a scroll of fear
 i - 3 scrolls of magic mapping
 l - 2 scrolls of teleportation
 m - a scroll of brand weapon {unknown}
 o - a scroll of removedness
 B - 2 scrolls of fog {unknown}
 H - a scroll of random uselessness {unknown}
 P - a scroll of blinking {unknown}
 R - a scroll of immolation
Potions
 f - 10 potions of curing
 g - 2 potions of magic {unknown}
 j - 3 potions of invisibility {unknown}
 k - a potion of agility {unknown}
 r - 4 potions of degeneration {unknown}
 t - 3 potions of brilliance {unknown}
 v - 2 potions of might
 w - a potion of flight {unknown}
 z - 5 potions of heal wounds
 A - a potion of resistance {unknown}
 C - 2 potions of lignification
 K - a potion of berserk rage {unknown}
 M - a potion of haste
 S - a potion of mutation {unknown}
Comestibles
 a - a ration
 d - 5 rations
 n - 2 rations
 q - 3 rations


   Skills:
 + Level 4.3(4.1) Fighting
 - Level 7.5(7.3) Short Blades
 - Level 1.5(1.3) Dodging
 - Level 1.0(0.8) Stealth
 - Level 4.0(3.7) Spellcasting
 - Level 2.4(2.2) Conjurations
 - Level 2.2(2.0) Summonings
 - Level 0.6(0.4) Translocations
 - Level 2.5(2.3) Fire Magic
 - Level 2.5(2.3) Air Magic
 - Level 1.3(1.1) Poison Magic


You had 5 spell levels left.
You knew the following spells:

 Your Spells              Type           Power        Failure   Level  Hunger
a - Magic Dart            Conj           ##..         4%          1    None
b - Call Imp              Summ           ##......     7%          2    #......
c - Blink                 Tloc           N/A          14%         2    #......
d - Mephitic Cloud        Conj/Pois/Air  ##......     14%         3    ###....
e - Conjure Flame         Conj/Fire      ###.....     12%         3    ###....

Your spell library contained the following spells:

 Spells                   Type           Power        Failure   Level  Hunger
 Slow                     Hex            #.......     16%         2    #......


Dungeon Overview and Level Annotations

Branches:
Dungeon (10/15)            Temple (1/1) D:7            Lair (0/6) D:10
    Orc: D:9-12

Altars:
Ashenzari
Cheibriados
Dithmenos
Elyvilon
Fedhas
Gozag
Hepliaklqana
Kikubaaqudgha
Makhleb
Nemelex Xobeh
Okawaru
Qazlal
Ru
Sif Muna
Trog
Uskayaw
Vehumet
Wu Jian
Xom
Yredelemnul
Zin
The Shining One

Shops:
D:4 *   D:9 =!}:[

Annotations:
D:9 invisible horrors vault
D:10 exclusion: oklob plant


Innate Abilities, Weirdness & Mutations

You are too large for most types of armour.
You have claws for hands.
Your metabolism is lightning-fast.
You like to eat raw meat.
Your natural rate of healing is unusually fast.
You are covered in fur. (AC +1)
You have very tough skin. (AC +2)
Scrolls take you a little longer to read.
You are somewhat resistant to further mutation.
Your system is resistant to poisons. (rPois)
You are resistant to electric shocks. (rElec)


Message History

Level annotation: exclusion: oklob plant Welcome back, Lavandula the Troll Wizard.
Ashenzari says: Partake of my vision.
Partake of my curse.
Press ? for a list of commands and other information.
Level annotation: exclusion: oklob plant Welcome back, Lavandula the Troll Wizard.
Ashenzari says: Partake of my vision.
Partake of my curse.
Press ? for a list of commands and other information.
Are you sure you want to abandon this character and quit the game? (Confirm with "yes".)
Okay, then.
Saving game... please wait.
Level annotation: exclusion: oklob plant Welcome back, Lavandula the Troll Wizard.
Ashenzari says: Partake of my vision.
Partake of my curse.
Press ? for a list of commands and other information.
Level annotation: exclusion: oklob plant Welcome back, Lavandula the Troll Wizard.
Ashenzari says: Partake of my vision.
Partake of my curse.
Press ? for a list of commands and other information.
Are you sure you want to abandon this character and quit the game? (Confirm with "yes".)

.###.........####..5....#.#
# .#
####...######.....#..### #
.# #....####...)#.#..## #
.##
##....##....######..#######
..# #.........z##
#.........
..####.......z.##
##........ ...............#
##...####..
..............########...##
.............[zz@........#
.........###...z.........#
###.....## ##...#######..#
###..## #...# ##.# #..#
##..# #..# ##.# #..# ..#
##.# ##.# ##. ###.## #.# #.
#....## #.##


You could see 3 wights.

Vanquished Creatures
  Joseph (D:10)
  A hippogriff (D:10)
  A hungry ghost (D:9)
  A necrophage (D:7)
  An ogre (D:9)
  2 orc warriors
  2 phantoms
  2 sky beasts
  A black bear (D:8)
  3 centaurs
  A big kobold (D:9)
  A bullfrog (D:8)
  2 scorpions
  A wight (D:10)
  3 howler monkeys
  2 electric eels (D:10)
  A crimson imp (D:6)
  A bullfrog zombie (D:6)
  4 hounds
  7 orc priests
  6 orc wizards
  2 centaur skeletons
  A bullfrog skeleton (D:9)
  An iguana (D:7)
  7 worker ants
  A killer bee zombie (D:8)
  A hound zombie (D:5)
  4 gnolls (D:7)
  7 adders
  An ooze (D:1)
  An adder zombie (D:5)
  An adder skeleton (D:6)
  A worm (D:3)
  A dart slug (D:3)
  7 leopard geckos
  14 orcs
  3 giant cockroaches
  9 hobgoblins
  12 jackals
  5 kobolds
  5 quokkas
  A ball python (D:8)
  A ball python skeleton (D:5)
  6 bats
  4 frilled lizards
  12 goblins
  A quokka skeleton (D:4)
  2 quokka zombies
  3 rats
  A fungus (D:5)
159 creatures vanquished.

Vanquished Creatures (collateral kills)
  Menkaure (D:5)
  2 sky beasts (D:10)
  An ice beast (D:9)
  A phantom (D:7)
  2 ogres
  A scorpion (D:8)
  A crimson imp (D:10)
  A jelly (D:4)
  3 orc priests
  Crazy Yiuf (D:5)
  An iguana (D:4)
  An orc wizard (D:6)
  3 adders (D:2)
  2 adder skeletons (D:4)
  A worm (D:5)
  A dart slug (D:3)
  A leopard gecko (D:10)
  7 orcs
  A giant cockroach (D:2)
  2 goblins
  3 hobgoblins
  5 jackals (D:2)
  6 kobolds
48 creatures vanquished.

Grand Total: 207 creatures vanquished

Notes
Turn   | Place    | Note
-------+----------+-------------------------------------------
     0 | D:1      | Lavandula the Troll Wizard began the quest for the Orb.
     0 | D:1      | Reached XP level 1. HP: 16/16 MP: 2/2
   127 | D:1      | Reached skill level 1 in Conjurations
   186 | D:1      | Reached XP level 2. HP: 24/24 MP: 0/4
   611 | D:1      | Learned a level 2 spell: Call Imp
   614 | D:1      | Learned a level 2 spell: Blink
   812 | D:1      | Reached skill level 1 in Summonings
   870 | D:1      | Reached XP level 3. HP: 31/31 MP: 1/5
  1018 | D:2      | Found a stormy altar of Qazlal.
  1536 | D:2      | Reached XP level 4. HP: 33/39 MP: 1/6
  2798 | D:4      | Found Yluhuhae's Assorted Antiques.
  2801 | D:4      | Bought an ominously black robe for 165 gold pieces
  2801 | D:4      | Bought a sedimented grey potion for 26 gold pieces
  2811 | D:4      | Identified the +2 robe "Haidwur" {+Fly Regen+ Int-2 SInv}
                  | (You bought it in a shop on level 4 of the Dungeon)
  3063 | D:3      | Found a faded altar of an unknown god.
  3170 | D:3      | Reached XP level 5. HP: 45/45 MP: 2/7
  3367 | D:3      | Learned a level 3 spell: Mephitic Cloud
  3673 | D:5      | Entered Level 5 of the Dungeon
  3923 | D:5      | Noticed Menkaure
  3990 | D:4      | Bought 2 white potions for 52 gold pieces
  3990 | D:4      | Bought a smoky cyan potion for 26 gold pieces
  3990 | D:4      | Bought a yellow potion for 26 gold pieces
  4036 | D:5      | Noticed an ogre
  4054 | D:5      | Killed an ogre
  4054 | D:5      | Reached XP level 6. HP: 53/53 MP: 1/10
  4066 | D:5      | Learned a level 3 spell: Conjure Flame
  4239 | D:5      | Killed Menkaure
  4377 | D:5      | Reached skill level 1 in Air Magic
  4393 | D:5      | Noticed a hungry ghost
  4447 | D:4      | Bought a sedimented grey potion for 26 gold pieces
  5119 | D:5      | Found a runed door.
  5124 | D:5      | Noticed Crazy Yiuf
  5143 | D:5      | Killed Crazy Yiuf
  5301 | D:6      | Reached XP level 7. HP: 59/59 MP: 8/11
  5444 | D:6      | Found a hazy altar of Hepliaklqana.
  5541 | D:6      | Reached skill level 1 in Poison Magic
  5595 | D:6      | Got an ivory dagger
  5596 | D:6      | Identified the +7 dagger "Usacs" {drain, Int+4 Dex+5} (You
                  | found it on level 6 of the Dungeon)
  5652 | D:6      | Reached skill level 1 in Fire Magic
  5944 | D:7      | Reached XP level 8. HP: 67/67 MP: 12/12
  6289 | D:7      | Reached skill level 1 in Short Blades
  6302 | D:7      | Found a staircase to the Ecumenical Temple.
  6324 | D:7      | Reached skill level 2 in Short Blades
  6330 | Temple   | Entered the Ecumenical Temple
  6614 | D:7      | Reached skill level 3 in Short Blades
  6692 | D:7      | Reached skill level 4 in Short Blades
  6757 | D:7      | Found a deep blue altar of Sif Muna.
  7009 | D:6      | Reached skill level 5 in Short Blades
  7352 | D:8      | Found a shattered altar of Ashenzari.
  7380 | D:8      | Found a white marble altar of Elyvilon.
  7491 | D:8      | Reached XP level 9. HP: 73/73 MP: 4/14
  7527 | D:8      | Reached skill level 6 in Short Blades
  7556 | D:8      | Found a bloodstained altar of Trog.
  7862 | D:9      | Found Polonnit's Distillery.
  7881 | D:9      | Gained mutation: You are somewhat resistant to further
                  | mutation. [mutagenic meat]
  7888 | D:9      | Bought a potion of heal wounds for 70 gold pieces
  7888 | D:9      | Bought a potion of haste for 140 gold pieces
  7996 | D:9      | Found Adetan's Jewellery Shop.
  8245 | D:8      | Found a glowing golden altar of the Shining One.
  8256 | D:8      | Became a worshipper of Ashenzari the Shackled
  8305 | D:9      | Found Rutijats's Armour Shop.
  8341 | D:9      | Found Eloleniu's Gadget Boutique.
  8357 | D:9      | Reached skill level 7 in Short Blades
  8577 | D:9      | Bought a potion of lignification for 42 gold pieces
  8577 | D:9      | Bought a potion of might for 56 gold pieces
  8880 | D:9      | Found Vukoupho's Book Shop.
  8953 | D:10     | Entered Level 10 of the Dungeon
  8971 | D:10     | Noticed a two-headed ogre
  9133 | D:10     | Reached skill level 1 in Fighting
  9319 | D:10     | Gained mutation: Scrolls take you a little longer to read.
                  | [mutagenic meat]
  9322 | D:10     | Gained mutation: Your system is resistant to poisons.
                  | (rPois) [mutagenic meat]
  9346 | D:10     | Noticed Joseph
  9422 | D:10     | Noticed an oklob plant
  9425 | D:10     | Reached * piety under Ashenzari
  9666 | D:10     | Found a staircase to the Lair.
  9726 | D:10     | Killed Joseph
  9738 | D:10     | Gained mutation: You are resistant to electric shocks.
                  | (rElec) [mutagenic meat]
  9808 | D:10     | Upgraded the game from 0.21-a0-402-gcbae7d1 to
                  | 0.21-a0-450-gd87a9b27c2
  9825 | D:10     | Upgraded the game from 0.23-a0-419-g0174fd80c1 to
                  | 0.24-a0-537-g2d01d4ab0a
  9825 | D:10     | Upgraded the game from 0.24-a0-537-g2d01d4ab0a to
                  | 0.24-a0-630-g0d56a851f4
  9825 | D:10     | Upgraded the game from 0.24-a0-630-g0d56a851f4 to
                  | 0.25-a0-346-g140ab784a8
  9825 | D:10     | Quit the game

Levels and vault maps discovered:
D:1:      minmay_arrival_stair_chambers, minivault_24
D:2:      grunt_qazlal_clouds, minmay_misc_feat_ornament
D:3:      chequers_ecumenical_altar_twisty, first_bread
D:4:      serial_shops, nicolae_shop_behind_doors, grunt_decor_fettered,
          grunt_decor_arrowhead
D:5:      uniq_crazy_yiuf_cottage, uniq_menkaure
D:6:      basic_altar
D:7:      lemuel_coloured_pillars_altar, minmay_temple_entry_grid
D:8:      marbit_many_paths, nicolae_overflow_hidden_temple
D:9:      serial_shops, nicolae_shop_waterfront, shop_statue, shop_fountains,
          nicolae_shop_crystal, nicolae_shop_crystal, serial_glass,
          glass_columns_a, glass_columns_a, glass_columns_b, glass_columns_a,
          glass_columns_c, glass_columns_a, due_unseen_surprise,
          feat_on_display, minmay_strange_pillars
D:10:     dpeg_oklobed_lair, david_nohive_1, water_boxes_lemuel, uniq_joseph,
          uniq_erolcha
Temple:   eino_temple_rhombus

Skill      XL: |  1  2  3  4  5  6  7  8  9 |
---------------+----------------------------+-----
Conjurations   | 1 2 |  2.4
Summonings     | 1 2 |  2.2
Spellcasting   | 3 4 |  4.0
Air Magic      | 2 |  2.5
Poison Magic   | 1 |  1.3
Fire Magic     | 2 |  2.5
Short Blades   | 5 7 |  7.5
Fighting       | 4 |  4.3
Dodging        | |  1.5
Stealth        | |  1.0
Translocations | |  0.6

Action                   |  1- 3 |  4- 6 |  7- 9 || total
-------------------------+-------+-------+-------++-------
Melee: Unarmed           |    42 |    84 |       ||   126
       Quarterstaff      |       |     7 |    32 ||    39
       Dagger            |       |       |   250 ||   250
Throw: Boomerang         |       |     2 |       ||     2
 Cast: Magic Dart        |    55 |    81 |    96 ||   232
       Call Imp          |    16 |    52 |    56 ||   124
       Mephitic Cloud    |       |     1 |    24 ||    25
       Conjure Flame     |       |       |     4 ||     4
Invok: Curse Item        |       |       |     5 ||     5
Evoke: Wand              |       |     2 |     1 ||     3
  Use: Scroll            |       |     8 |     6 ||    14
 Stab: Sleeping          |       |     1 |     1 ||     2
       Confused          |       |       |    12 ||    12
       Distracted        |       |       |     1 ||     1
  Eat: Chunk             |    22 |    37 |    60 ||   119
       Buggy jelly       |       |       |     1 ||     1
Armor: Robe              |    29 |    49 |    98 ||   176
Dodge: Dodged            |    42 |    51 |   110 ||   203

Table legend:
 A = Non-vault XP
 B = Vault XP
 C = Vault XP percentage of total XP
 D = Non-vault monster count
 E = Vault monster count
 F = Vault count percentage of total count
                 A         B        C        D         E       F
            +---------+---------+-------+---------+---------+-------
      Total |    5094 |       0 |   0.0 |     206 |       0 |   0.0
            +---------+---------+-------+---------+---------+-------
        D:1 |      41 |       0 |   0.0 |      22 |       0 |   0.0
        D:2 |      80 |       0 |   0.0 |      28 |       0 |   0.0
        D:3 |      86 |       0 |   0.0 |      19 |       0 |   0.0
        D:4 |      52 |       0 |   0.0 |       7 |       0 |   0.0
        D:5 |     452 |       0 |   0.0 |      21 |       0 |   0.0
        D:6 |     804 |       0 |   0.0 |      22 |       0 |   0.0
        D:7 |    1019 |       0 |   0.0 |      32 |       0 |   0.0
        D:8 |     547 |       0 |   0.0 |      16 |       0 |   0.0
        D:9 |     928 |       0 |   0.0 |      23 |       0 |   0.0
       D:10 |    1085 |       0 |   0.0 |      16 |       0 |   0.0
            +---------+---------+-------+---------+---------+-------
